Map: Lightshade LE

Players

Serral - Winner!

  • Race: Zerg Zerg

DnS

  • Race: Protoss Protoss

Event: DreamHack SC2 Masters 2021 Fall

VOD

Have the link to the VOD?

Description

Time

  • Played on: Aug. 7, 2021, 1:29 p.m.
  • Length: 13:28

All games in this series

Show
View Real Time Build Order
Export as new Build Order

Serral Zerg - Winner!

Build Orders: Pool First, Lurkers 

Get SALT Encoding   

  12  0:00  Drone  
  13  0:12  Overlord  
  13  0:17  Drone  
  14  0:30  Drone  
  14  0:31  Drone  
  16  0:40  Spawning Pool  
  15  0:45  Drone  
  16  1:06  Drone  
  17  1:14  Hatchery, Drone  
  17  1:27  Zergling x4  
  17  1:29  Queen  
  17  1:31  Extractor  
  20  1:36  Drone  
  21  1:41  Overlord  
  21  1:50  Drone  
  22  2:00  Drone  
  23  2:05  Queen  
  25  2:11  Drone  
  26  2:22  Drone  
  27  2:25  Queen  
  27  2:27  Drone  
  30  2:31  Metabolic Boost  
  30  2:33  Drone  
  31  2:41  Drone x4  
  34  2:47  Overlord  
  34  2:49  Drone  
  35  3:03  Hatchery  
  34  3:06  Zergling x2  
  34  3:08  Zergling x2  
  34  3:09  Drone  
  37  3:13  Overlord  
  38  3:20  Drone x3  
  38  3:21  Drone  
  41  3:28  Drone  
  41  3:30  Drone  
  41  3:34  Queen  
  43  3:36  Queen  
  43  3:39  Drone  
  43  3:40  Drone  
  49  3:44  Overlord  
  49  3:48  Overlord  
  49  3:55  Roach Warren  
  48  4:03  Drone x4  
  48  4:07  Zergling x4  
  54  4:14  Zergling x8  
  58  4:17  Queen  
  58  4:20  Overlord  
  58  4:23  Zergling x6  
  63  4:25  Zergling x4  
  64  4:32  Zergling x2  
  64  4:34  Overlord  
  65  4:39  Spore Crawler  
  65  4:40  Roach x3  
  65  4:43  Roach  
  72  4:50  Overlord  
  72  4:54  Extractor  
  72  4:56  Roach x3  
  72  4:57  Zergling x6  
  80  5:04  Spore Crawler  
  80  5:05  Extractor  
  80  5:06  Lair  
  78  5:11  Drone x4  
  82  5:16  Roach  
  82  5:17  Roach  
  86  5:22  Drone x3  
  89  5:29  Overlord x2  
  89  5:34  Overlord  
  89  5:36  Overlord  
  89  5:43  Drone x2  
  89  5:47  Overlord  
  89  5:48  Overlord  
  89  5:54  Spore Crawler, Drone x2  
  90  6:01  Roach x2  
  90  6:02  Roach  
  90  6:03  Overseer  
  87  6:30  Drone x3  
  85  6:33  Drone  
  85  6:37  Drone  
  85  6:38  Drone  
  87  6:44  Overseer  
  87  6:47  Drone x2  
  89  6:54  Evolution Chamber  
  89  6:55  Glial Reconstitution  
  89  6:57  Drone  
  89  7:02  Drone x3  
  89  7:05  Drone x2  
  89  7:07  Drone  
  93  7:10  Overlord  
  93  7:11  Drone  
  90  7:16  Drone  
  90  7:17  Drone x2  
  90  7:20  Zerg Missile Weapons Level 1  
  93  7:29  Extractor  
  92  7:30  Overseer, Extractor  
  92  7:31  Drone x5  
  92  7:32  Drone  
  97  7:38  Drone x4  
  97  7:41  Drone, Extractor  
  97  7:42  Drone x3  
  97  7:44  Drone  
  105  7:47  Overlord  
  105  7:50  Roach x2  
  109  7:54  Roach x2  
  109  7:57  Ravager x3  
  109  7:58  Ravager  
  117  8:03  Roach x3  
  123  8:08  Overlord  
  122  8:16  Roach x6  
  122  8:17  Roach  
  134  8:20  Burrow  
  134  8:29  Hatchery  
  134  8:30  Ravager x4  
  137  8:35  Roach x3  
  137  8:39  Overlord  
  143  8:44  Roach x4  
  151  8:55  Tunneling Claws  
  151  8:59  Drone x4  
  151  9:00  Drone x2  
  157  9:04  Infestation Pit  
  157  9:07  Overlord  
  157  9:08  Overlord x3  
  156  9:15  Roach x5  
  165  9:19  Zerg Missile Weapons Level 2  
  165  9:26  Roach  
  165  9:27  Roach x3  
  169  9:39  Roach  
  169  9:40  Roach x6  
  183  9:50  Roach x5  
  183  10:00  Roach  
  183  10:01  Hive  
  183  10:04  Hydralisk Den  
  183  10:06  Roach x3  
  176  10:13  Roach x7  
  176  10:14  Roach x2  
  192  10:17  Roach x3  
  192  10:18  Roach x4  
  190  10:24  Roach x3  
  184  10:29  Drone x8  
  184  10:30  Roach x3  
  184  10:33  Roach x4  
  178  10:47  Muscular Augments  
  178  10:50  Lurker Den  
  178  10:53  Overseer  
  178  10:54  Extractor x2  
  178  10:56  Drone  
  178  10:57  Drone  
  171  10:59  Drone x3  
  171  11:00  Spore Crawler  
  171  11:02  Roach x5  
  183  11:08  Roach x4  
  174  11:13  Drone x2  
  174  11:15  Drone  
  174  11:16  Drone x22  
  173  11:19  Roach x3  
  173  11:21  Drone x2  
  173  11:23  Roach x6  
  173  11:24  Hatchery  
  185  11:27  Roach x3  
  185  11:34  Viper x2  
  183  11:42  Hydralisk  
  183  11:43  Hydralisk x4  
  193  11:49  Spore Crawler  
  193  11:51  Spine Crawler  
  193  11:52  Roach, Spine Crawler  
  193  11:53  Roach  
  181  11:55  Roach x3  
  181  11:56  Roach x2  
  181  11:58  Roach x2  
  181  11:59  Roach x2  
  181  12:00  Roach x3  
  185  12:04  Roach  
  185  12:05  Roach x2  
  185  12:10  Lurker x2  
  185  12:13  Roach  
  185  12:14  Roach x4  
  193  12:24  Lurker  
  193  12:25  Lurker  
  193  12:28  Roach x3  
  199  12:32  Roach x32  
  199  12:42  Extractor  
  194  12:46  Extractor  
  185  12:59  Hydralisk x7  
Show
View Real Time Build Order
Export as new Build Order

DnS Protoss 

Build Orders: 1 Gate Expand 

Get SALT Encoding   

  12  0:00  Probe  
  13  0:12  Probe  
  14  0:20  Pylon  
  14  0:24  Probe  
  15  0:38  Probe (Chrono Boost)  
  16  0:45  Gateway  
  16  0:47  Probe (Chrono Boost)  
  17  0:52  Probe (Chrono Boost)  
  17  0:54  Assimilator  
  18  1:04  Probe  
  19  1:16  Probe  
  20  1:33  Cybernetics Core  
  20  1:37  Nexus  
  20  1:41  Zealot  
  22  1:47  Pylon  
  22  1:51  Probe  
  23  1:58  Assimilator  
  23  2:05  Probe (Chrono Boost)  
  23  2:06  Adept (Chrono Boost)  
  24  2:10  Warp Gate  
  26  2:17  Probe (Chrono Boost)  
  27  2:23  Probe (Chrono Boost)  
  27  2:29  Stalker  
  30  2:32  Probe  
  31  2:49  Twilight Council, Probe (Chrono Boost)  
  32  2:57  Probe (Chrono Boost)  
  34  3:06  Probe (Chrono Boost), Robotics Facility  
  34  3:07  Probe (Chrono Boost)  
  36  3:12  Probe  
  36  3:14  Adept, Probe  
  36  3:16  Gateway  
  39  3:24  Resonating Glaives (Chrono Boost)  
  39  3:25  Probe  
  39  3:26  Probe  
  41  3:33  Gateway  
  41  3:37  Gateway  
  41  3:38  Probe  
  41  3:40  Probe  
  43  3:45  Pylon  
  43  3:50  Warp Prism (Chrono Boost)  
  46  3:58  Pylon  
  46  3:59  Probe  
  46  4:06  Adept  
  46  4:08  Probe  
  49  4:10  Pylon  
  49  4:11  Adept  
  49  4:14  Probe  
  49  4:16  Assimilator  
  52  4:23  Dark Shrine  
  52  4:26  Probe  
  52  4:29  Probe  
  54  4:37  Pylon  
  54  4:38  Probe  
  54  4:40  Adept x3  
  54  4:44  Adept  
  63  4:47  Probe  
  63  4:50  Probe  
  65  4:53  Assimilator  
  65  4:54  Pylon  
  65  5:03  Probe  
  65  5:05  Probe  
  67  5:08  Pylon, Adept x2  
  67  5:10  Adept  
  73  5:14  Adept  
  75  5:22  Probe x2  
  75  5:25  Pylon  
  75  5:38  Nexus  
  75  5:52  Dark Templar  
  75  5:53  Dark Templar x3  
  81  6:04  Probe  
  81  6:11  Probe  
  83  6:17  Probe  
  82  6:22  Pylon  
  82  6:23  Probe  
  77  6:25  Pylon  
  77  6:29  Probe  
  77  6:30  Sentry x4  
  77  6:32  Forge  
  74  6:35  Probe  
  71  6:41  Probe  
  71  6:44  Shield Battery  
  71  6:46  Immortal (Chrono Boost), Shield Battery  
  72  6:47  Probe  
  72  6:54  Probe  
  78  6:55  Probe  
  79  7:02  Forge  
  79  7:03  Gateway, Adept x3  
  79  7:05  Gateway  
  79  7:06  Adept  
  86  7:16  Protoss Ground Weapons Level 1 (Chrono Boost), Probe x2  
  86  7:17  Immortal (Chrono Boost), Blink  
  86  7:19  Probe  
  86  7:22  Robotics Bay  
  93  7:28  Probe x2  
  95  7:31  Probe  
  95  7:34  Assimilator  
  95  7:36  Assimilator  
  96  7:39  Gateway  
  96  7:40  Probe  
  97  7:44  Probe  
  97  7:45  Gateway  
  97  7:46  Pylon  
  97  7:47  Immortal (Chrono Boost), Probe  
  103  7:54  Stalker  
  105  8:01  Probe x3  
  105  8:02  Sentry  
  110  8:06  Archon  
  109  8:16  Probe x3  
  116  8:24  Extended Thermal Lance  
  116  8:26  Disruptor (Chrono Boost)  
  113  8:30  Stalker x4  
  113  8:31  Stalker x2  
  113  8:33  Photon Cannon  
  125  8:40  Pylon  
  125  8:41  Pylon  
  125  8:55  Disruptor (Chrono Boost)  
  125  8:59  Stalker  
  125  9:00  Stalker x5  
  140  9:14  Nexus  
  140  9:18  Pylon  
  140  9:25  Charge, Pylon  
  140  9:27  Pylon  
  140  9:36  Dark Templar  
  140  9:37  Dark Templar x2  
  140  9:38  Zealot x5  
  143  9:46  Immortal (Chrono Boost)  
  128  10:00  Stalker  
  128  10:01  Stalker x3  
  132  10:13  Dark Templar  
  134  10:18  Stalker x3  
  134  10:19  Observer (Chrono Boost)  
  135  10:34  Gateway  
  135  10:35  Gateway  
  135  10:36  Disruptor  
  135  10:37  Robotics Facility  
  135  10:40  Stalker x4  
  139  10:53  Robotics Facility  
  139  10:54  Protoss Ground Weapons Level 2 (Chrono Boost)  
  138  11:03  Adept x3  
  140  11:26  Stalker x2  
  140  11:27  Stalker x4  
  140  11:30  Gateway  
  140  11:32  Gateway  
  144  11:37  Observer (Chrono Boost)  
  142  11:43  Warp Prism (Chrono Boost)  
  138  11:50  Stalker x3  
  133  12:06  Stalker x2  
  133  12:07  Stalker  
  125  12:15  Zealot  
  127  12:30  Stalker  
  127  12:31  Stalker x3  
  127  12:51  Stalker x3  
  127  12:52  Stalker  
  135  12:59  Stalker x2  
  93  13:21  Stalker x5  

Tags
 
Add a new tag
Caveats
  • Supply blocks, unpowered buildings, or Contaminate may cause inaccurate times.
  • Supply counts are checked every 10 seconds.